 Dungeon Crawl Stone Soup version 0.30.0-5-g1a98f26d00 (webtiles) character file.

Game seed: 16772235212345055078

263 jasper the Slasher (level 6, -2/48 HPs)
             Began as a Human Fighter on May 12, 2023.
             Killed by nerve-wracking pain
             ... invoked by Grinder
              (11 damage)
             ... on level 4 of the Dungeon.
             The game lasted 00:04:26 (2480 turns).

jasper the Slasher (Human Fighter)                  Turns: 2480, Time: 00:04:27

Health: -2/48      AC:  8    Str: 17    XL:     6   Next: 43%
Magic:  6/6        EV:  9    Int:  8    God:
Gold:   126        SH:  5    Dex: 14    Spells: 5/5 levels left

rFire   . . .        a - +0 long sword
rCold   . . .        c - +0 buckler
rNeg    . . .        b - +0 scale mail
rPois   .            (no helmet)
rElec   .            (no cloak)
rCorr   .            h - +0 pair of gloves
SInv    +            (no boots)
Will    .....        i - amulet of the acrobat Stlth
                     m - ring of see invisible
HPRegen 0.28/turn    (no ring)
MPRegen 0.10/turn

%: acrobat
@: mighty
A: no striking features
a: no special abilities


You were on level 4 of the Dungeon.
You visited 1 branch of the dungeon, and saw 4 of its levels.

You collected 126 gold pieces.

Inventory:

Hand Weapons
 a - a +0 long sword (weapon)
 y - a +0 short sword of venom
 z - a +0 vampiric dagger
Missiles
 n - 13 stones (quivered)
 t - 6 poisoned darts
Armour
 b - a +0 scale mail (worn)
 c - a +0 buckler (worn)
 h - a +0 pair of gloves (worn)
Jewellery
 i - an amulet of the acrobat (around neck)
 m - a ring of see invisible (left hand)
 u - a +6 ring of intelligence
Wands
 r - a wand of mindburst (6)
Scrolls
 f - a scroll of teleportation {unknown}
 g - a scroll of butterflies {unknown}
 w - a scroll of poison {unknown}
 x - a scroll of identify {unknown}
Potions
 e - 2 potions of curing
 j - a potion of haste {unknown}
 k - 4 potions of lignification {unknown}
 l - a potion of invisibility {unknown}
 o - 2 potions of brilliance {unknown}
 p - 2 potions of ambrosia {unknown}
 q - a potion of heal wounds {unknown}
 s - a potion of berserk rage {unknown}
 v - a potion of attraction {unknown}


   Skills:
 + Level 3.9 Fighting
 * Level 4.2 Long Blades
 + Level 4.0 Armour
 + Level 4.0 Shields


You had 5 spell levels left.
You didn't know any spells.
Your spell library contained the following spells:

 Spells                   Type           Power      Damage    Failure   Level
 Cigotuvi's Dreadful Rot  Necr/Pois/Air  0%         N/A       95%         2
 Lesser Beckoning         Tloc           0%         N/A       95%         2
 Gell's Gravitas          Tloc           0%         N/A       99%         3
 Ignite Poison            Fire/Tmut/Pois 0%         N/A       99%         3
 Teleport Other           Tloc           0%         N/A       99%         3
 Vhi's Electric Charge    Tloc/Air       0%         N/A       99%         3
 Arcjolt                  Conj/Air       0%         1d10      100%        5
 Freezing Cloud           Conj/Ice/Air   0%         6-21      100%        5
 Maxwell's Capacitive Co  Air            0%         ∞         100%        8


Dungeon Overview and Level Annotations

Branches:
Dungeon (4/15)
 Temple: D:4-7

Altars:
Xom

Shops:
D:2 =

Annotations:
D:4 Grinder


Message History

You suddenly lose the ability to move!
Grinder hits you! Grinder hits you.
You writhe in agony.
Grinder hits you but does no damage.
You can move again.
You take 11 damage, and have 33/48 hp.
MASSIVE DAMAGE!!
Unknown command.
Unknown command.
You closely miss Grinder.
Grinder is heavily wounded.
Grinder closely misses you.
You closely miss Grinder.
Grinder is heavily wounded.
Grinder gestures at you. Pain shoots through your body!
You take 12 damage, and have 21/48 hp.
MASSIVE DAMAGE!!
You barely miss Grinder.
Grinder is heavily wounded.
Grinder closely misses you.
You slash Grinder!
Grinder is heavily wounded.
Grinder hits you.
You writhe in agony.
Grinder gestures at you. Pain shoots through your body!
* * * LOW HITPOINT WARNING * * *
You take 8 damage, and have 14/48 hp.
You hit Grinder.
Grinder is severely wounded.
Grinder closely misses you.
You barely miss Grinder.
Grinder is severely wounded.
Grinder hits you.
* * * LOW HITPOINT WARNING * * *
You writhe in agony.
* * * LOW HITPOINT WARNING * * *
You take 5 damage, and have 9/48 hp.
You hit Grinder.
Grinder is severely wounded.
Grinder gestures at you. Pain shoots through your body!
You die...

####..# . #..# #.# ...#
###..# #.# ..#######..#
#.#
............####.#####
####.........)........#
#.........########.#
#....##.### ##.##
.....#...#####...#.#
[......⌠....@5S⌠...#
.####...#####...#.#
##.## ##.## #.# .# #.#
.# #.# S# #. .# .. ..


You could see Grinder and a ball python.

Vanquished Creatures
  A scorpion (D:3)
  An orc priest (D:3)
  A jelly (D:4)
  An orc wizard (D:3)
  3 adders
  A worm (D:2)
  A dart slug (D:1)
  11 orcs
  10 ball pythons
  6 bats
  6 endoplasms
  2 giant cockroaches (D:1)
  9 goblins
  9 hobgoblins
  A jackal (D:1)
  3 kobolds
  3 quokkas
  5 frilled lizards
  2 rats
76 creatures vanquished.

Notes
Turn   | Place    | Note
-------+----------+-------------------------------------------
     0 | D:1      | jasper the Human Fighter began the quest for the Orb.
     0 | D:1      | Reached XP level 1. HP: 18/18 MP: 1/1
    77 | D:1      | Reached XP level 2. HP: 10/24 MP: 2/2
   201 | D:1      | Reached XP level 3. HP: 22/29 MP: 3/3
   855 | D:2      | Found a transporter.
   855 | D:2      | Found Kinecum's Jewellery Emporium.
  1163 | D:2      | Found a transporter.
  1238 | D:3      | Noticed a scorpion
  1254 | D:3      | Killed a scorpion
  1255 | D:3      | Reached XP level 4. HP: 16/35 MP: 4/4
  1255 | D:3      | Reached XP level 5. HP: 19/41 MP: 5/5
  1838 | D:3      | HP: 2/42 [poisoned by an orc]
  1839 | D:3      | Reached XP level 6. HP: 2/48 MP: 6/6
  2051 | D:3      | Found a shimmering altar of Xom.
  2464 | D:4      | Noticed Grinder
  2471 | D:4      | Paralysed by Grinder for 3 turns
  2480 | D:4      | Killed from afar by Grinder

Illustrated notes

Levels and vault maps discovered:
D:1:      minmay_arrival_pointy, layout_rooms, serial_bayou_pond_b
D:2:      layout_rooms, serial_shops, nicolae_shop_drivethru,
          chequers_mini_garden, feat_on_display
D:3:      layout_rooms, lemuel_doored_altar, serial_aquarium,
          aquarium_bridge_square [aquarium_subvault_balcony,
          aquarium_subvault_wall, aquarium_subvault_bridge,
          aquarium_subvault_bridge], aquarium_window_1, aquarium_window_fake,
          aquarium_view_2c, aquarium_balcony_double_1, aquarium_pool_side,
          minmay_shallow_snake_nest
D:4:      layout_basic, mainiacjoe_overflow_big_doors, serial_shops,
          nicolae_shop_overgrown_old_shop, minmay_misc_feat_tower, uniq_grinder

Skill      XL: |  1  2  3  4  5  6 |
---------------+-------------------+-----
Long Blades    | 3 4 |  4.2
Armour         | 4 |  4.0
Shields        | 4 |  4.0
Fighting       | |  3.9

Action                     |  1- 3 |  4- 6 || total
---------------------------+-------+-------++-------
  Melee: Long sword        |   109 |   138 ||   247
  Throw: Stone             |     2 |    13 ||    15
    Use: Potion            |     2 |     1 ||     3
 Armour: Scale mail        |    51 |    51 ||   102
  Dodge: Dodged            |    42 |    79 ||   121
  Block: Buckler           |    12 |    34 ||    46
